AoeStats
← jhonskull87

Nomad

508922006Analyzed
4v4 RM · 8d ago on Sep 24, 2026· 33m 33s· 8 players
Game mode
Random Map
Map size
231×231
Population
200
Speed
Normal
Resources
Standard
Victory
Conquest
Starting age
Dark Age
Ending age
Imperial Age
RankedLock teamsTeams togetherTeam positionsShared explorationLock speedFull tech treeHidden civsTurbo modeCheats
Victory
Defeat
🇦🇷 Khmer · Argentina
703
+17
🇹🇷 Jurchens · Türkiye
699
+17
🇹🇷 Spanish · Türkiye
697
+17
🇨🇱 Bohemians · Chile
668
+18
🇪🇸 Mongols · Spain
775
-43
🇫🇷 Gurjaras · France
751
-19
🇬🇧 Slavs · United Kingdom
683
-16
🇲🇽 Persians · Mexico
673
-15
Admar
3:53 Loom
15:45 Feudal Age
20:08 Castle Age
18:47 Fishing Lines
19:06 Double-Bit Axe
22:06 Wheelbarrow
21:46 Bow Saw
30:11 Pikeman
31:45 Stone Mining
31:45 Gold Mining
32:41 Gillnets
Mapuche Mayer
8:14 Loom
16:15 Feudal Age
16:47 Double-Bit Axe
16:44 Fishing Lines
21:44 Castle Age
22:31 Wheelbarrow
23:00 Bow Saw
22:39 Town Watch
24:12 Gillnets
30:48 Imperial Age
28:35 Hand Cart
29:24 Chemistry
29:17 Fletching
Ramizpaşa
12:56 Loom
17:09 Feudal Age
19:04 Double-Bit Axe
21:20 Horse Collar
21:25 Fishing Lines
22:49 Bloodlines
22:34 Arson
26:41 Castle Age
24:52 Fletching
24:26 Man-at-Arms
26:32 Forging
26:23 Padded Archer Armor
28:29 Heavy Plow
32:15 Bodkin Arrow
32:55 Gillnets
33:15 Medium Warships
32:26 Demolition Ship
Genovese
15:25 Feudal Age
15:54 Double-Bit Axe
17:25 Wheelbarrow
16:34 Fishing Lines
16:56 Horse Collar
20:56 Town Watch
24:12 Castle Age
27:03 Hand Cart
26:49 Town Patrol
26:35 Loom
27:29 Squires
26:49 Pikeman
27:58 Heavy Plow
29:08 Bow Saw
29:06 Gold Mining
29:07 Stone Mining
30:44 Ballistics
31:46 Fletching
31:57 Padded Archer Armor
jhonskull87
17:32 Feudal Age
15:48 Loom
17:53 Double-Bit Axe
17:54 Horse Collar
18:52 Fishing Lines
21:22 Wheelbarrow
25:19 Stone Mining
25:24 Gold Mining
28:32 Castle Age
30:42 Forging
30:23 Fletching
30:33 Padded Archer Armor
32:00 Bodkin Arrow
32:40 Iron Casting
32:25 Bow Saw
32:43 Husbandry
32:49 Gillnets
ALVICEN
3:51 Loom
3:55 Loom
13:10 Feudal Age
14:28 Wheelbarrow
13:42 Double-Bit Axe
13:48 Town Watch
16:53 Horse Collar
17:18 Fishing Lines
25:24 Castle Age
24:51 Stone Mining
24:53 Gold Mining
26:38 Hand Cart
26:42 Bow Saw
26:55 Heavy Plow
28:46 Town Patrol
29:48 Pikeman
30:57 Nomads
NomadRider5217
4:20 Loom
16:46 Feudal Age
20:26 Wheelbarrow
19:36 Town Watch
19:56 Fishing Lines
20:44 Double-Bit Axe
24:53 Forging
30:29 Castle Age
athmaniac
7:40 Loom
16:59 Feudal Age
17:35 Man-at-Arms
20:06 Double-Bit Axe
22:48 Bloodlines
28:21 Castle Age
27:34 Stone Mining
28:16 Fletching
29:29 Gold Mining
Connection lost

Rejoining the realm…

Still unreachable

The connection could not be restored.

Session expired

The server has moved on; the page needs a fresh start.